 Seeded DCSS version 0.30.1-9-gdf580d7c3d (webtiles) character file.

Game seed: 920673320228942481 (custom seed)

1685 Psyclone the Destroyer (level 9, 0/51 HPs)
             Began as an Octopode Conjurer on Oct 11, 2023.
             Was an Initiate of Gozag.
             Slain by a bullfrog (2 damage)
             ... on level 6 of the Dungeon.
             The game lasted 00:08:05 (3609 turns).

Psyclone the Destroyer (Octopode Conjurer)          Turns: 3609, Time: 00:08:06

Health: 0/51       AC:  3    Str: 10    XL:     9   Next: 2%
Magic:  0/12       EV: 13    Int: 23    God:    Gozag
Gold:   466        SH:  0    Dex: 10    Spells: 5/12 levels left

rFire   + . .        k - staff of fire
rCold   . . .        (no shield)
rNeg    . . .        (helmet restricted)
rPois   .            m - amulet of the acrobat
rElec   .            c - ring of wizardry
rCorr   .            (no ring)
SInv    .            (no ring)
Will    .....        (no ring)
Stlth   +++          (no ring)
HPRegen 0.28/turn    (no ring)
MPRegen 0.13/turn    (no ring)
                     (no ring)

%: acrobat, wizardry (x1)
@: gold aura
A: almost no armour, amphibious, 8 rings, camouflage 1, gelatinous body 1,
(nimble swimmer 1), tentacles, iridescent scales 1, sense surroundings 1, strong
1
a: Renounce Religion, Potion Petition, Call Merchant, Bribe Branch


You were on level 6 of the Dungeon.
You worshipped Gozag.
Gozag was aware of your devotion.
You visited 1 branch of the dungeon, and saw 7 of its levels.

You collected 4417 gold pieces.
You spent 41 gold pieces at shops.
You paid 3910 gold pieces to Gozag.

Inventory:

Magical Staves
 k - a staff of fire (weapon)
Jewellery
 c - a ring of wizardry (left tentacle)
 m - an amulet of the acrobat (around mantle)
 t - an amulet of regeneration
Scrolls
 e - a scroll of amnesia {unknown}
 g - a scroll of fear {unknown}
 h - 3 scrolls of identify {unknown}
 o - a scroll of teleportation
 q - 2 scrolls of enchant weapon {unknown}
 s - a scroll of fog {unknown}
Potions
 a - a potion of magic
 b - a potion of resistance {unknown}
 d - a potion of lignification {unknown}
 f - 2 potions of degeneration {unknown}
 i - a potion of invisibility {unknown}
 j - 2 potions of heal wounds {unknown}
 l - 2 potions of curing {unknown}
 n - a potion of ambrosia {unknown}
 p - 2 potions of might {unknown}
 r - 2 potions of attraction {unknown}


   Skills:
 - Level 2.0 Dodging
 - Level 2.6 Stealth
 - Level 2.0 Spellcasting
 + Level 11.8 Conjurations


You had 5 spell levels left.
You knew the following spells:

 Your Spells              Type           Power      Damage    Failure   Level
a - Magic Dart            Conj           100%       1d8       1%          1
b - Searing Ray           Conj           100%       2d8       1%          2
c - Passwall              Tmut/Erth      1%         N/A       8%          2
q - Blink                 Tloc           4%         N/A       8%          2

Your spell library contained the following spells:

 Spells                   Type           Power      Damage    Failure   Level
 Foxfire                  Conj/Fire      100%       2x1d9     1%          1
 Dazzling Flash           Conj/Hex       58%        N/A       1%          3
 Stone Arrow              Conj/Erth      58%        3d10      1%          3
 Fulminant Prism          Conj/Hex       14%        3d9       4%          4
 Iskenderun's Mystic Bla  Conj/Tloc      29%        2d7       4%          4
 Sandblast                Erth           4%         2d4       5%          1
 Fireball                 Conj/Fire      22%        3d10      12%         5
 Manifold Assault         Tloc           2%         N/A       43%         4
 Summon Lightning Spire   Summ/Air       2%         N/A       43%         4
 Starburst                Conj/Fire      22%        6d7       52%         6
 Plasma Beam              Fire/Air       1%         2x1d12    99%         6
 Storm Form               Tmut/Air       1%         N/A       100%        7
 Maxwell's Capacitive Co  Air            1%         ∞         100%        8


Dungeon Overview and Level Annotations

Branches:
Dungeon (7/15) Zot: 24815
 Temple: D:4-7

Altars:
Ashenzari
Fedhas
Gozag
Zin

Shops:
D:3 *:   D:7 [:==

Annotations:
D:5 Menkaure


Innate Abilities, Weirdness & Mutations

You cannot wear most types of armour.
You are amphibious.
You can wear up to eight rings at the same time.
Your skin changes colour to match your surroundings (Stealth+).
Your rubbery body absorbs attacks. (AC +1, EV +1)
((You are camouflaged when in or above water. (Stealth+)))
You have tentacles for arms and can constrict up to eight enemies at once.
You are partially covered in iridescent scales. (AC +2)
You passively map a small area around you.
Your muscles are strong. (Str +4, Int/Dex -1)


Message History

Casting: Searing Ray (safe; 1% risk of failure)
Confirm with . or Enter, or press ? or * to list all spells.
You don't have enough magic to cast this spell.
Casting: Searing Ray (safe; 1% risk of failure)
Confirm with . or Enter, or press ? or * to list all spells.
Aiming: Magic Dart (safe; 1% risk of failure)
Press: ? - help, Shift-Dir - straight line, f/p - phantom
Aim: a phantom (almost destroyed, 100% to hit)
The magic dart hits the phantom but does no damage.
The phantom is almost destroyed.
The phantom misses you.
Casting: Magic Dart (safe; 1% risk of failure)
Confirm with . or Enter, or press ? or * to list all spells.
Aiming: Magic Dart (safe; 1% risk of failure)
Press: ? - help, Shift-Dir - straight line, f/p - phantom
Aim: a phantom (almost destroyed, 100% to hit)
The magic dart hits the phantom.
The phantom is almost destroyed.
The bullfrog hits you.
* * * LOW HITPOINT WARNING * * *
The centaur unwields a +0 shortbow.
The centaur closely misses you. The centaur barely misses you.
The phantom hits you.
* * * LOW HITPOINT WARNING * * *
You take 3 damage, and have 4/51 hp.
You now have 0/12 mp.
You completely miss the phantom.
The phantom is almost destroyed.
The bullfrog hits you but does no damage.
The centaur hits you but does no damage.
The centaur kicks you.
* * * LOW HITPOINT WARNING * * *
The phantom barely misses you. The bullfrog hits you.
* * * LOW HITPOINT WARNING * * *
The centaur hits you but does no damage.
The centaur kicks you but does no damage.
You take 2 damage, and have 2/51 hp.
You hit the phantom.
You destroy the phantom!
The bullfrog hits you.
You die...
Your body crumbles into a pile of gold.

# #.........#.## ####.#
###..........[.+
##.....##.......#####.##
##............(.## #..#
#................# #...
#...........>....# #...
#..............<.######.#
#........................
#.(....F@........########
#......c$........#* ####
##................# #<..
##......#...............
######.#.####.....####.
#.#.#, ##...## #. #...#
,##.# #. ##.. * .# #. *
..


You could see a bullfrog and a centaur.

Vanquished Creatures
  A steam dragon (D:7)
  Duvessa (D:7)
  A sky beast (D:7)
  An orc warrior (D:7)
  An ogre (D:6)
  A phantom (D:6)
  2 kobold brigands
  Blork the orc (D:4)
  A gnoll sergeant (D:7)
  3 scorpions
  2 bullfrogs (D:7)
  Dowan (D:7)
  8 killer bees (D:7)
  2 hounds
  An orc priest (D:6)
  An orc wizard (D:7)
  2 adders
  3 gnolls (D:7)
  A white imp (D:7)
  A worm (D:3)
  2 dart slugs
  13 orcs
  2 endoplasms
  A quokka (D:4)
  6 ball pythons
  A bat (D:3)
  12 kobolds
  3 rats
75 creatures vanquished.

Notes
Turn   | Place    | Note
-------+----------+-------------------------------------------
     0 | D:1      | Psyclone the Octopode Conjurer began the quest for the Orb.
     0 | D:1      | Reached XP level 1. HP: 11/11 MP: 3/3
   285 | D:1      | Identified 3 scrolls of acquirement
   285 | D:1      | Acquired 1312 gold pieces
   293 | D:1      | Acquired 1281 gold pieces
   308 | D:1      | Acquired 1321 gold pieces
   336 | D:2      | Reached XP level 2. HP: 17/17 MP: 0/5
   537 | D:3      | Learned a level 2 spell: Searing Ray
   698 | D:3      | Found Xyxiz's Assorted Antiques.
   709 | D:3      | Bought 2 fizzy ruby potions for 41 gold pieces
   766 | D:3      | Found Rylak's Book Boutique.
   817 | D:3      | Gained mutation: You are dopey. (Int -2) [potion of
                  | mutation]
   817 | D:3      | Gained mutation: You are occasionally teleported next to
                  | monsters. [potion of mutation]
   817 | D:3      | Gained mutation: One of your tentacles bears a spike.
                  | [potion of mutation]
   817 | D:3      | Gained mutation: You have hidden genetic potential. [potion
                  | of mutation]
   885 | D:4      | Reached skill level 5 in Conjurations
   885 | D:4      | Reached XP level 3. HP: 15/21 MP: 0/6
   902 | D:4      | Gained mutation: You have great hidden genetic potential.
                  | [hidden potential]
  1003 | D:4      | Noticed Blork the orc
  1015 | D:4      | Killed Blork the orc
  1016 | D:4      | Reached skill level 6 in Conjurations
  1016 | D:4      | Reached XP level 4. HP: 9/27 MP: 0/7
  1016 | D:4      | Reached XP level 5. HP: 10/31 MP: 0/8
  1028 | D:4      | Gained mutation: Your spells are a little harder to cast,
                  | but a little more powerful. [hidden potential]
  1028 | D:4      | Lost mutation: You have great hidden genetic potential.
                  | [hidden potential expressed]
  1276 | D:4      | Learned a level 2 spell: Blink
  1315 | D:5      | Entered Level 5 of the Dungeon
  1411 | D:5      | Noticed Menkaure
  1432 | D:6      | Noticed a phantom
  1435 | D:6      | Noticed a centaur
  1551 | D:7      | Noticed a steam dragon
  1557 | D:7      | Killed a steam dragon
  1558 | D:7      | Reached skill level 7 in Conjurations
  1558 | D:7      | Reached XP level 6. HP: 22/36 MP: 0/9
  1561 | D:7      | Noticed a sky beast
  1564 | D:7      | Gained mutation: You have great hidden genetic potential.
                  | [hidden potential]
  1637 | D:7      | Lost mutation: You are dopey. (Int -2) [potion of mutation]
  1637 | D:7      | Lost mutation: One of your tentacles bears a spike. [potion
                  | of mutation]
  1637 | D:7      | Lost mutation: You are occasionally teleported next to
                  | monsters. [potion of mutation]
  1637 | D:7      | Gained mutation: You are partially covered in large bone
                  | plates. (SH +4) [potion of mutation]
  1637 | D:7      | Gained mutation: You passively map a small area around you.
                  | [potion of mutation]
  1637 | D:7      | Gained mutation: You have a pair of small antennae on your
                  | head. [potion of mutation]
  1644 | D:7      | Learned a level 2 spell: Passwall
  1800 | D:7      | Found an opulent altar of Gozag.
  1805 | D:7      | Became a worshipper of Gozag Ym Sagoz the Greedy
  1915 | D:7      | Reached skill level 8 in Conjurations
  1915 | D:7      | Reached XP level 7. HP: 23/41 MP: 4/10
  1950 | D:7      | HP: 2/41 [kobold brigand/+0 dagger (7)]
  2099 | D:7      | Lost mutation: You are partially covered in large bone
                  | plates. (SH +4) [potion of mutation]
  2099 | D:7      | Lost mutation: You have a pair of small antennae on your
                  | head. [potion of mutation]
  2099 | D:7      | Lost mutation: Your spells are a little harder to cast, but
                  | a little more powerful. [potion of mutation]
  2099 | D:7      | Lost mutation: You have great hidden genetic potential.
                  | [potion of mutation]
  2099 | D:7      | Gained mutation: You are partially covered in iridescent
                  | scales. (AC +2) [potion of mutation]
  2185 | D:7      | Reached skill level 9 in Conjurations
  2199 | D:7      | Gained mutation: Your muscles are strong. (Str +4, Int/Dex
                  | -1) [hidden potential]
  2199 | D:7      | Lost mutation: You have hidden genetic potential. [hidden
                  | potential expressed]
  2256 | D:7      | Noticed Dowan
  2260 | D:7      | Noticed Duvessa
  2266 | D:7      | Killed Dowan
  2270 | D:7      | Killed Duvessa
  2271 | D:7      | Reached XP level 8. HP: 43/46 MP: 0/11
  2294 | D:7      | Reached skill level 10 in Conjurations
  2497 | D:7      | Found a glowing silver altar of Zin.
  2636 | D:7      | Found a blossoming altar of Fedhas.
  2681 | D:7      | Found a broken altar of Ashenzari.
  2704 | D:7      | Reached skill level 11 in Conjurations
  3264 | D:6      | HP: 1/46 [ogre/+0 giant spiked club (17)]
  3438 | D:6      | Reached XP level 9. HP: 48/51 MP: 6/12
  3608 | D:6      | HP: 2/51 [bullfrog (2)]
  3609 | D:6      | Slain by a bullfrog

Illustrated notes

Levels and vault maps discovered:
D:1:      dpeg_arrival_orchard, layout_basic
D:2:      layout_loops_corners, uniq_natasha, uniq_crazy_yiuf_cottage
D:3:      layout_basic, serial_shops, nicolae_shop_stone, shop
D:4:      layout_basic, nicolae_figureground_sparkle, uniq_sigmund, uniq_robin,
          uniq_blork_the_orc
D:5:      layout_cave_pools, nicolae_ru_path_of_blood, minmay_quadrilaterals,
          uniq_menkaure, uniq_ijyb
D:6:      cheibrodos_barr_body, layout_rooms, lemuel_doored_altar,
          minmay_temple_entry_large_hall, hangedman_decor_growths,
          minmay_fractal_squares_gapless_5
D:7:      layout_basic, mainiacjoe_overflow_big_doors, lemuel_tele_altar,
          zin_scriptorium, nicolae_figureground_pulse, uniq_duvessa

Skill      XL: |  1  2  3  4  5  6  7  8 |
---------------+-------------------------+-----
Conjurations   | 5 6 7 8 9 11 | 11.8
Dodging        | |  2.0
Stealth        | |  2.6
Spellcasting   | |  2.0

Action                     |  1- 3 |  4- 6 |  7- 9 || total
---------------------------+-------+-------+-------++-------
  Melee: Unarmed           |     2 |       |       ||     2
         Tentacles         |     2 |       |    14 ||    16
         Staff             |     2 |       |    56 ||    58
         Constrict         |     1 |       |     9 ||    10
         Punch             |       |       |     1 ||     1
   Cast: Magic Dart        |    24 |    14 |    18 ||    56
         Searing Ray       |     3 |     8 |    16 ||    27
         Passwall          |       |     1 |       ||     1
 Invoke: Call Merchant     |       |     4 |       ||     4
    Use: Scroll            |     3 |     1 |       ||     4
         Potion            |     1 |     1 |     1 ||     3
 Armour: Skin              |       |       |    12 ||    12
  Dodge: Dodged            |     4 |    10 |    82 ||    96
  Block: Other             |       |       |     2 ||     2
